 Dungeon Crawl Stone Soup version 0.15-b1-53-g7f43fce (webtiles) character file.

19 zercules the Chucker (level 2, 0/29 HPs)
             Began as an Ogre Hunter on Aug 10, 2014.
             Was an Initiate of Ashenzari.
             Succumbed to an adder's poison
             ... on Level 2 of the Dungeon.
             The game lasted 00:05:34 (1469 turns).

zercules the Chucker (Ogre Hunter)                  Turns: 1469, Time: 00:05:34

HP   0/29        AC  3     Str 16      XL: 2   Next: 75%
MP   2/2         EV  7     Int 10      God: Ashenzari [......]
Gold 96          SH  9     Dex 10      Spells:  0 memorised,  1 level left

rFire  + . .     SeeInvis .     e - +0 mace
rCold  + . .     Clarity  .     s - +0 robe
rNeg   . . .     rCorr    +     h - +2 shield
rPois  +         rRot     .     (helmet restricted)
rElec  +         Spirit   .     (no cloak)
SustAb .         Warding  .     (gloves unavailable)
rMut   .         Stasis   +     (boots unavailable)
Gourm  .                        g - amulet of stasis
MR     .....                    (no ring)
                                (no ring)

@: lethally poisoned, resistant, not resistant to hostile enchantments, very
unstealthy
A: unfitting armour, tough skin 1, wild magic 1
a: Renounce Religion


You were on level 2 of the Dungeon.
You worshipped Ashenzari.
Ashenzari was noncommittal.
You were not hungry.

You visited 1 branch of the dungeon, and saw 2 of its levels.

You collected 96 gold pieces.


Innate Abilities, Weirdness & Mutations

You are too large for most types of armour.
You have tough skin (AC +1).
Your spells are a little harder to cast, but a little more powerful.


   Skills:
 - Level 2.8 Fighting
 - Level 1.3 Maces & Flails
 - Level 4.3 Throwing
 - Level 1.7 Dodging
 - Level 0.7 Stealth
 + Level 2.0 Shields


You had one spell level left.
You didn't know any spells.

Dungeon Overview and Level Annotations

Branches:
Dungeon (2/15)

Altars:
Ashenzari

Inventory:

Hand weapons
 a - a +1 club
 e - a +0 mace (weapon)
Missiles
 r - 13 poisoned needles
 t - 5 needles of sleeping
Armour
 d - a +0 animal skin
 h - a +2 shield (worn)
 s - a +0 robe (worn)
Comestibles
 f - 2 meat rations
 n - a slice of pizza
 q - 2 beef jerkies
Scrolls
 i - 3 scrolls of identify {unknown}
 j - a scroll of random uselessness {unknown}
 l - a scroll of enchant weapon {unknown}
 m - a scroll of remove curse {@r8}
Jewellery
 g - an amulet of stasis (around neck)
Potions
 o - a potion of heal wounds {unknown}
 p - a potion of magic {unknown}
 u - a potion of degeneration {unknown}
 v - 3 potions of mutation {!q}

#.#.#### ####.#....#
## ..#.##...#
######. ###.#.##...#
#...... #.#.#.##...#
#...... #.#........#
#...(.. #.#........#
#......
#(#.....##.###......
#.S@................
#.##....##.######.##
..........#># #.#
..... ...#..... #.#
##.##. ####..... #.#
#. #. ..... #.# # #.
#...... ... #. .....
#.# . . ...


You could see an adder.


Message History

Throwing (i - inventory. (,) - cycle):
b - 5 large rocks (quivered)
Aim: an adder You throw a large rock.
The large rock closely misses the adder.
You feel sick. The adder bites you.
You are more poisoned.
The adder poisons you! The adder bites you.
Throwing (i - inventory. (,) - cycle):
b - 4 large rocks (quivered)
Aim: an adder You throw a large rock.
The large rock closely misses the adder.
The adder bites you.
Throwing (i - inventory. (,) - cycle):
b - 3 large rocks (quivered)
Aim: an adder You throw a large rock.
The large rock barely misses the adder.
You feel sick. The adder barely misses you. You block the adder's attack.
Throwing (i - inventory. (,) - cycle):
b - 2 large rocks (quivered)
Aim: an adder You throw a large rock.
The large rock barely misses the adder.
You block the adder's attack.
Throwing (i - inventory. (,) - cycle):
b - a large rock (quivered)
Aim: an adder You throw a large rock.
The large rock misses the adder.
You feel sick. You block the adder's attack.
Throwing (i - inventory):
c - 2 throwing nets (quivered)
Aim: an adder You throw a throwing net.
The throwing net barely misses the adder.
The adder closely misses you.
Throwing (i - inventory):
c - a throwing net (quivered)
Aim: an adder You throw a throwing net.
The throwing net misses the adder.
The adder barely misses you. The adder bites you.
* * * LOW HITPOINT WARNING * * *
You hit the adder.
The adder is moderately wounded.
You feel sick. The adder bites you but does no damage.
You hit the adder.
The adder is heavily wounded.
The adder barely misses you. The adder bites you.
* * * LOW HITPOINT WARNING * * *
You are more poisoned.
The adder poisons you!
You closely miss the adder.
The adder is heavily wounded.
You feel sick. The adder bites you.
* * * LOW HITPOINT WARNING * * *
The adder barely misses you.
* * * LOW HITPOINT WARNING * * *
You feel sick.
You hit the adder.
The adder is almost dead.
* * * LOW HITPOINT WARNING * * *
You feel sick. The adder bites you.
* * * LOW HITPOINT WARNING * * *
The adder bites you.
* * * LOW HITPOINT WARNING * * *
You are more poisoned.
The adder poisons you!
Drink which item? (? for menu, Esc to quit)
You feel protected.
It was a potion of resistance.
* * * LOW HITPOINT WARNING * * *
You feel sick. The adder closely misses you. You block the adder's attack.
Drink which item? (? for menu, Esc to quit)
You feel extremely strange.
You feel less in control of your magic.
You feel jittery.
You feel a little less jittery.
It was a potion of mutation.
You die...

Action                   || total
-------------------------++-------
Melee: Mace              ||    59
Throw: Large rock        ||     5
       Throwing net      ||     2
  Use: Potion            ||     2
  Eat: Chunk             ||     2

Vault maps used:
D:1:      dpeg_arrival_rhombi, ashenzari_altar_1
D:2:      minmay_door_path, serial_park_tiny_pond, bh_walls_and_bars

Notes
Turn   | Place    | Note
--------------------------------------------------------------
     0 | D:1      | zercules, the Ogre Hunter, began the quest for the Orb.
     0 | D:1      | Reached XP level 1. HP: 22/22 MP: 1/1
   119 | D:1      | Found a shattered altar of Ashenzari.
   156 | D:1      | Became a worshipper of Ashenzari the Shackled
   405 | D:1      | Reached skill level 1 in Shields
   431 | D:1      | Reached XP level 2. HP: 29/29 MP: 2/2
  1392 | D:2      | Reached skill level 2 in Shields
  1467 | D:2      | HP: 7/29 [adder (1)]
  1467 | D:2      | HP: 2/29 [adder (5)]
  1469 | D:2      | Gained mutation: Your spells are a little harder to cast, but a little more powerful. [potion of mutation]
  1469 | D:2      | Gained mutation: You can translocate small distances at will. [potion of mutation]
  1469 | D:2      | Lost mutation: You can translocate small distances at will. [potion of mutation]
  1469 | D:2      | Succumbed to an adder's poison

Vanquished Creatures
  2 giant cockroaches (D:1)
  3 hobgoblins
  3 kobolds
  3 bats
  A giant gecko (D:2)
  2 goblins (D:1)
  4 rats
18 creatures vanquished.
